 Dungeon Crawl Stone Soup version 0.29-a0-330-g52719c12eb (webtiles) character file.

Game seed: 5243355901307711484

354 Ajdolov the Gusty (level 6, -8/45 HPs)
             Began as a Demigod Air Elementalist on Apr 21, 2022.
             Mangled by a yak (15 damage)
             ... on level 3 of the Dungeon.
             The game lasted 00:08:13 (5331 turns).

Ajdolov the Gusty (Demigod Air Elementalist)        Turns: 5331, Time: 00:08:14

Health: -8/45      AC:  2    Str:  9    XL:     6   Next: 12%
Magic:  6/14       EV: 12    Int: 25    God:
Gold:   191        SH:  0    Dex: 14    Spells: 5/12 levels left

rFire   + . .      SeeInvis .   u - +1 hand axe (elec)
rCold   . . .      Faith    .   (no shield)
rNeg    . . .      Spirit   .   a - +0 robe
rPois   +          Reflect  .   (no helmet)
rElec   .          Harm     .   (no cloak)
rCorr   .          Rampage  .   (no gloves)
Will    .....                   (no boots)
Stlth   ++........              c - amulet of the acrobat
HPRegen 0.15/turn               f - ring of poison resistance
MPRegen 0.14/turn               m - ring of protection from fire

@: no status effects
A: high MP 1, forlorn, divine attributes
a: no special abilities


You were on level 3 of the Dungeon.
You visited 1 branch of the dungeon, and saw 4 of its levels.

You collected 191 gold pieces.

Inventory:

Hand Weapons
 u - a +1 hand axe of electrocution (weapon)
Armour
 a - a +0 robe (worn)
 d - a +1 leather armour of cold resistance
Jewellery
 c - an amulet of the acrobat (around neck)
 f - a ring of poison resistance (left hand)
 m - a ring of protection from fire (right hand)
Scrolls
 e - 2 scrolls of identify {unknown}
 g - a scroll of fog {unknown}
 i - a scroll of magic mapping {unknown}
 n - a scroll of noise {unknown}
 o - a scroll of torment {unknown}
 p - a scroll of enchant armour {unknown}
 q - 3 scrolls of blinking {unknown}
 r - a scroll of teleportation {unknown}
 s - a scroll of amnesia {unknown}
 w - a scroll of enchant weapon {unknown}
Potions
 b - 3 potions of magic
 h - a potion of brilliance {unknown}
 j - a potion of ambrosia {unknown}
 k - 2 potions of curing {unknown}
 l - a potion of mutation {unknown}
 t - a potion of attraction {unknown}
 v - a potion of heal wounds {unknown}
 x - a potion of haste {unknown}


   Skills:
 - Level 1.7 Dodging
 - Level 1.7 Stealth
 * Level 3.7 Spellcasting
 - Level 3.2 Conjurations
 * Level 4.2 Air Magic


You had 5 spell levels left.
You knew the following spells:

 Your Spells              Type           Power      Damage    Failure   Level
a - Shock                 Conj/Air       92%        1d8       1%          1
b - Static Discharge      Conj/Air       23%        N/A       3%          2
c - Airstrike             Air            13%        N/A       16%         4

Your spell library contained the following spells:

 Spells                   Type           Power      Damage    Failure   Level
 Swiftness                Air            26%        N/A       4%          3
 Call Canine Familiar     Summ           4%         N/A       28%         3
 Portal Projectile        Hex/Tloc       8%         N/A       28%         3
 Leda's Liquefaction      Hex/Erth       2%         N/A       67%         4


Dungeon Overview and Level Annotations

Branches:
Dungeon (4/15)             Temple (0/1) D:4

Shops:
D:1 !

Annotations:
D:2 1 runed translucent door, Crazy Yiuf
D:4 2 transporters, exclusion: yak, anonymous's ghost, amateur TeAE


Innate Abilities, Weirdness & Mutations

You have an increased reservoir of magic. (+10% MP)
You shall have no god before yourself.
Your divine heritage dramatically boosts your attributes as you level up.


Message History

You see here a hound corpse.
You see here a hound corpse.
There is an open door here.
The zap hits the yak.
The yak is lightly wounded.
The yak bellows!
There is a stone staircase leading up here.
The yak gores you.
You climb upwards.
There is a stone staircase leading down here.
Casting: Shock (safe; 1% risk of failure)
Confirm with . or Enter, or press ? or * to list all spells.
The yak is struck by an arc of lightning.
The yak is lightly wounded.
You are struck by an arc of lightning.
The yak is struck by an arc of lightning.
The yak is moderately wounded.
The lightning grounds out.
The yak gores you!
Casting: Static Discharge (safe; 3% risk of failure)
Confirm with . or Enter, or press ? or * to list all spells.
The yak is struck by an arc of lightning!
The yak is heavily wounded.
You are struck by an arc of lightning.
The yak is struck by an arc of lightning.
The yak is heavily wounded.
The lightning grounds out.
The yak gores you!
Casting: Static Discharge (safe; 3% risk of failure)
Confirm with . or Enter, or press ? or * to list all spells.
The yak is struck by an arc of lightning.
The yak is severely wounded.
You are struck by an arc of lightning.
* * * LOW HITPOINT WARNING * * *
The lightning grounds out.
The yak gores you.
* * * LOW HITPOINT WARNING * * *
Casting: Static Discharge (safe; 3% risk of failure)
Confirm with . or Enter, or press ? or * to list all spells.
The yak is struck by an arc of lightning.
The yak is almost dead.
The lightning grounds out.
The yak gores you!
You die...

.# #.....#.##....<.....#.########
.#####........#..#####.#.#.......
....†................#.#.#.######
.##############..###.#.#.#.#.....
.# ######..#...#...#....... .#
#.........###........##. .#
#....................+.. .#
#........####........#.. .#
#######@Y............... .#
#######........... .#
######......
.##########################......
..............................#..
.##########################...###
.# #..........#..........#..# .#
#.#........#.##..........# .#
#.#........#.##.#####.##.#


You could see a yak.

Vanquished Creatures
  Blork the orc (D:4)
  A jelly (D:4)
  An orc priest (D:4)
  A hound (D:4)
  An iguana (D:3)
  An orc wizard (D:4)
  6 adders
  2 worms
  4 dart slugs
  8 orcs
  9 bats
  5 endoplasms
  2 giant cockroaches
  8 goblins
  5 hobgoblins
  A quokka (D:1)
  13 ball pythons
  2 frilled lizards (D:3)
  6 kobolds
  5 rats
82 creatures vanquished.

Notes
Turn   | Place    | Note
-------+----------+-------------------------------------------
     0 | D:1      | Ajdolov the Demigod Air Elementalist began the quest for
                  | the Orb.
     0 | D:1      | Reached XP level 1. HP: 14/14 MP: 5/5
   110 | D:1      | Reached skill level 1 in Conjurations
   219 | D:1      | Reached skill level 3 in Air Magic
   298 | D:1      | Reached XP level 2. HP: 20/20 MP: 4/7
   301 | D:1      | Learned a level 2 spell: Static Discharge
  1110 | D:1      | Found Sotic's Distillery.
  1159 | D:1      | Reached XP level 3. HP: 26/26 MP: 6/8
  2271 | D:2      | Found a runed translucent door.
  2272 | D:2      | Noticed Crazy Yiuf
  2831 | D:3      | Reached XP level 4. HP: 33/33 MP: 6/10
  3886 | D:4      | Found a staircase to the Ecumenical Temple.
  4009 | D:4      | Reached XP level 5. HP: 36/38 MP: 7/12
  4220 | D:4      | Found a transporter.
  4224 | D:4      | Noticed a yak
  4231 | D:4      | Learned a level 4 spell: Airstrike
  4245 | D:4      | Noticed anonymous's ghost (amateur TeAE)
  4245 | D:4      | Identified the +9 giant spiked club "Xiogor" {freeze,
                  | Contam rC+ MP+9}
  4245 | D:4      | Noticed an ogre
  4246 | D:4      | Found a transporter.
  4246 | D:4      | Noticed an ogre
  4247 | D:4      | Noticed an ogre
  4265 | D:4      | Noticed a yak
  4265 | D:4      | Noticed a yak
  4265 | D:4      | Noticed a yak
  4265 | D:4      | Noticed a yak
  4265 | D:4      | Noticed a yak
  4728 | D:4      | Reached skill level 4 in Air Magic
  4990 | D:4      | Noticed Blork the orc
  4997 | D:4      | Killed Blork the orc
  4998 | D:4      | Reached XP level 6. HP: 12/45 MP: 1/14
  5331 | D:3      | Mangled by a yak

Illustrated notes

Levels and vault maps discovered:
D:1:      dpeg_arrival_more_subterranean_lakeside_camping, layout_loops_ring,
          serial_shops, shop
D:2:      layout_basic, basic_altar, ebering_ecumenical_altar_hall,
          uniq_crazy_yiuf_cottage
D:3:      layout_basic, hangedman_abyss_or_decor_lesser_grid
D:4:      layout_gridville, minmay_temple_entry_hall, gammafunk_ghost_smash,
          serial_glass, glass_columns_a, glass_columns_a, uniq_pikel,
          uniq_blork_the_orc

Skill      XL: |  1  2  3  4  5 |
---------------+----------------+-----
Conjurations   | 1 2 3 |  3.2
Air Magic      | 3 4 |  4.2
Spellcasting   | 2 3 |  3.7
Dodging        | |  1.7
Stealth        | |  1.7

Action                   |  1- 3 |  4- 6 || total
-------------------------+-------+-------++-------
 Cast: Shock             |    97 |    53 ||   150
       Static Discharge  |    18 |    28 ||    46
Armor: Robe              |     5 |     1 ||     6
Dodge: Dodged            |    18 |    13 ||    31

Table legend: (Time is in decaauts)
 A = Elapsed time spent in this place.
 B = Non-inter-level travel time spent in this place.
 C = Inter-level travel time spent in this place.
 D = Time resting spent in this place.
 E = Time spent auto-exploring this place.
 F = Levels seen in this place.
 G = Mean time per level.
                   A        B        C        D        E       F      G
               +--------+--------+--------+--------+--------+-----+--------+
         Total |   5332 |   5238 |     94 |   1080 |   3455 |   4 | 1333.0 |
       Dungeon |   5332 |   5238 |     94 |   1080 |   3455 |   4 | 1333.0 |
               +--------+--------+--------+--------+--------+-----+--------+

Top non-repeatable levels by time:
     D:3: 1845 daAuts
     D:1: 1227 daAuts
     D:2: 1193 daAuts
     D:4: 1065 daAuts
